 Dungeon Crawl Stone Soup version 0.26.1-2-gb8aa6d0cf2 (webtiles) character file.

Game seed: 12297355608531555138

274907 Paulthewizard the Sorcerer (level 19, -3/99 HPs)
             Began as a Spriggan Venom Mage on Mar 11, 2021.
             Was the Champion of Vehumet.
             Hit by a silver javelin thrown by a merfolk javelineer (16 damage)
             ... on level 4 of the Shoals on Mar 13, 2021.
             The game lasted 06:27:42 (82902 turns).

Paulthewizard the Sorcerer (Spriggan Venom Mage)   Turns: 82902, Time: 06:27:42

Health: -3/99      AC:  7    Str:  4    XL:     19   Next: 92%
Magic:  0/64       EV: 34    Int: 26    God:    Vehumet [******]
Gold:   5517       SH:  0    Dex: 22    Spells: 17/63 levels left

rFire    . . .     SeeInvis +   i - staff of air
rCold    + . .     Faith    .   (shield currently unavailable)
rNeg     . . .     Spirit   +   C - +2 robe {Archmagi}
rPois    +         Reflect  .   (helmet restricted)
rElec    +         Harm     .   H - +2 cloak {rC+}
rCorr    .         Rampage  .   (gloves unavailable)
Will     +++++                  (boots unavailable)
Stlth    ++++......             Q - amulet "Faysolix" {Spirit *Corrode Will+ MP+9}
HPRegen  0.26/turn              U - ring of Makhleb's Approval {Will+ MP+9 Int+4 Dex+3}
MPRegen  0.39/turn              W - ring of Xom's Scorn {+Blink rPois Stlth+}

@: very quick
A: very small, unfitting armour, see invisible, speed 3, mutation resistance 1
}: 1/15 runes: gossamer
a: Renounce Religion, Evoke Blink


You were on level 4 of the Shoals.
You worshipped Vehumet.
Vehumet was exalted by your worship.
You visited 7 branches of the dungeon, and saw 35 of its levels.
You also visited: Sewer, Ossuary, Gauntlet and Ice Cave.

You collected 5517 gold pieces.

Inventory:

Missiles
 w - 6 throwing nets
Armour
 z - a +2 robe of resistance
 C - a +2 robe of the Archmagi (worn)
 H - a +2 cloak of cold resistance (worn)
Magical Staves
 i - an uncursed staff of air (weapon)
 k - an uncursed staff of poison
 R - an uncursed staff of earth
Jewellery
 g - an uncursed ring of protection from fire
 D - an uncursed amulet of reflection
 G - an uncursed ring of protection from cold
 O - an uncursed ring of wizardry
 Q - the amulet "Faysolix" (around neck) {Spirit *Corrode Will+ MP+9}
   (You took it off a deep elf mage on level 8 of the Dungeon)

   [amulet of guardian spirit]

   It causes incoming damage to be split between your health and magic.
   It affects your willpower, your defense against some magical effects.
   It affects your magic capacity (+9).
   It may corrode you when you take damage.
 U - the ring of Makhleb's Approval (left hand) {Will+ MP+9 Int+4 Dex+3}
   (You found it in a Gauntlet)

   [ring of willpower]

   It affects your intelligence (+4).
   It affects your dexterity (+3).
   It affects your willpower, your defense against some magical effects.
   It affects your magic capacity (+9).
 W - the ring of Xom's Scorn (right hand) {+Blink rPois Stlth+}
   (You took it off a minotaur in a Gauntlet)

   [ring of stealth]

   It protects you from poison.
   It lets you blink.
   It makes you more stealthy.
 X - the ring "Atymen" {+Fly Int+4}
   (You found it in a Gauntlet)

   [ring of flight]

   It affects your intelligence (+4).
   It lets you fly.
Wands
 B - a wand of digging (19)
 F - a wand of acid (7)
 J - a wand of paralysis (52)
 L - a wand of flame (53)
 Y - a wand of enslavement (36)
 Z - a wand of iceblast (15)
Scrolls
 b - 8 scrolls of amnesia
 c - 7 scrolls of blinking
 d - 14 scrolls of teleportation
 e - 6 scrolls of fog
 f - 9 scrolls of magic mapping
 m - 2 scrolls of torment
 s - 3 scrolls of enchant armour
 u - 6 scrolls of fear
 E - 2 scrolls of remove curse
 K - 5 scrolls of immolation
 M - a scroll of holy word
 T - a scroll of summoning
Potions
 l - 4 potions of invisibility
 p - 3 potions of heal wounds
 q - 3 potions of brilliance
 r - 9 potions of might
 t - 4 potions of resistance
 v - 7 potions of curing
 x - 4 potions of lignification
 I - 3 potions of magic
 P - a potion of cancellation
 S - 3 potions of haste
Miscellaneous
 a - a condenser vane
 j - a phial of floods
 n - a lightning rod (4/4)
 o - a tin of tremorstones (2/2)
 y - a phantom mirror
 A - a box of beasts


   Skills:
 * Level 10.5 Fighting
 * Level 15.9 Dodging
 + Level 5.3 Stealth
 * Level 22.8 Spellcasting
 * Level 6.1 Conjurations
 + Level 4.7 Hexes
 - Level 4.5 Summonings
 + Level 12.9 Transmutations
 + Level 3.3 Fire Magic
 + Level 13.6 Air Magic
 * Level 8.6 Earth Magic
 + Level 10.9 Poison Magic
 + Level 7.3 Evocations


You had 17 spell levels left.
You knew the following spells:

 Your Spells              Type           Power        Failure   Level
a - Sting                 Tmut/Pois      100%         0%          1
b - Poisonous Vapours     Pois/Air       100%         0%          2
c - Mephitic Cloud        Conj/Pois/Air  100%         1%          3
d - Ignite Poison         Fire/Tmut/Pois 86%          1%          3
e - Invisibility          Hex            69%          26%         6
f - Airstrike             Air            61%          1%          4
g - Olgreb's Toxic Radia  Pois           92%          1%          4
h - Sticky Flame          Conj/Fire      69%          1%          4
i - Summon Lightning Spi  Summ/Air       100%         1%          4
j - Lee's Rapid Deconstr  Erth           42%          1%          5
k - Iron Shot             Conj/Erth      40%          2%          6
l - Fulminant Prism       Conj/Hex       36%          1%          4

Your spell library contained the following spells:

 Spells                   Type           Power        Failure   Level
 Chain Lightning          Conj/Air       55%          32%         8
 Lehudib's Crystal Spear  Conj/Erth      40%          65%         8
 Absolute Zero            Ice            22%          100%        9
 Swiftness                Air            100%         0%          2
 Corona                   Hex            76%          1%          1
 Foxfire                  Conj/Fire      100%         1%          1
 Magic Dart               Conj           100%         1%          1
 Pain                     Necr           100%         1%          1
 Sandblast                Erth           100%         1%          1
 Summon Small Mammal      Summ           100%         1%          1
 Call Imp                 Summ           69%          1%          2
 Ensorcelled Hibernation  Hex/Ice        100%         1%          2
 Passwall                 Tmut/Erth      75%          1%          2
 Searing Ray              Conj           100%         1%          2
 Call Canine Familiar     Summ           69%          1%          3
 Confusing Touch          Hex            69%          1%          3
 Dazzling Flash           Conj/Hex       100%         1%          3
 Frozen Ramparts          Ice            88%          1%          3
 Summon Guardian Golem    Hex/Summ       69%          1%          3
 Tukima's Dance           Hex            69%          1%          3
 Cause Fear               Hex            34%          1%          4
 Ice Form                 Ice/Tmut       76%          1%          4
 Iskenderun's Mystic Bla  Conj/Tloc      62%          1%          4
 Leda's Liquefaction      Hex/Erth       38%          1%          4
 Bolt of Magma            Conj/Fire/Erth 37%          1%          5
 Silence                  Hex/Air        54%          1%          5
 Yara's Violent Unravell  Hex/Tmut       42%          1%          5
 Hydra Form               Tmut           49%          1%          6
 Statue Form              Tmut/Erth      60%          2%          6
 Summon Ice Beast         Ice/Summ       58%          4%          4
 Dragon Form              Tmut           49%          5%          7
 Borgnjor's Vile Clutch   Necr/Erth      33%          6%          5
 Animate Dead             Necr           22%          12%         4
 Dispel Undead            Necr           44%          12%         4
 Passage of Golubria      Tloc           N/A          12%         4
 Orb of Destruction       Conj           37%          21%         7
 Death Channel            Necr           22%          88%         6
 Simulacrum               Ice/Necr       22%          88%         6
 Discord                  Hex            34%          100%        8
 Dragon's Call            Summ           34%          100%        9
 Shatter                  Erth           42%          100%        9


Dungeon Overview and Level Annotations

Branches:
Dungeon (15/15)            Temple (1/1) D:6            Lair (6/6) D:9
 Shoals (4/4) Lair:4       Spider (4/4) Lair:4        Slime (0/5) Lair:6
    Orc (2/2) D:12            Elf (3/3) Orc:2        Vaults (0/5) D:14
 Depths (0/5) D:15          Sewer (visited)         Ossuary (visited)
  IceCv (visited)         Gauntlet (visited)

Altars:
Ashenzari
Cheibriados
Dithmenos
Elyvilon
Fedhas
Gozag
Hepliaklqana
Kikubaaqudgha
Makhleb
Nemelex Xobeh
Okawaru
Qazlal
Ru
Sif Muna
Trog
Uskayaw
Vehumet
Wu Jian
Xom
Yredelemnul
Zin
The Shining One
Beogh
Jiyva

Shops:
D:11 [   Orc:1 *   Orc:2 *!:(*?   Elf:2 =

Portals:
Abyss: Elf:1

Annotations:
Shoals:4 Ilsuiw
Spider:3 3 runed translucent doors, Bolleh's ghost, journeyman GnSk; Cykl0x's ghost, adept MiFi; Ziut's ghost, journeyman FeAE; raetorn's ghost, adept VSCK
Elf:1 2 transporters, Wertik's ghost, adept GrFi


Innate Abilities, Weirdness & Mutations

You are very small and have problems with some larger weapons.
You are too small for most types of armour.
You have supernaturally acute eyesight. (SInv)
You cover ground extremely quickly.
You are somewhat resistant to further mutation.


Message History

* * * LOW HITPOINT WARNING * * *
You hear a splash.
Your lightning spire shoots out a bolt of lightning at the merfolk javelineer!
The bolt of electricity hits the merfolk javelineer!!
Okay, then.
You feel much better.
The merfolk javelineer throws a silver javelin.
The silver javelin barely misses you.
The silver javelin pierces through your lightning spire!!
Your lightning spire is destroyed!
You hear a splash.
The merfolk javelineer throws a silver javelin.
The silver javelin pierces through you!!
* * * LOW HITPOINT WARNING * * *
The silver sears you!
* * * LOW HITPOINT WARNING * * *
You hear a splash.
The merfolk javelineer throws a silver javelin.
The silver javelin pierces through you!
You die...

≈≈≈≈≈≈≈≈...≈≈≈≈≈≈ ≈≈≈≈≈
≈≈≈≈≈≈≈.....≈≈≈≈≈≈≈≈≈≈≈≈≈≈
≈≈≈.†.≈.##!.≈≈≈....≈≈≈≈≈≈≈
≈≈......###.≈≈m.....≈≈≈≈≈≈
≈...##t(...≈≈≈.......≈≈≈(.
..t #.)≈≈≈≈≈≈(....).....#
....##.(≈≈≈≈≈≈≈..........#
....≈.()≈≈≈≈≈≈(.........#
..≈≈≈≈(≈@≈≈≈≈≈(......§...
...≈≈≈≈≈≈≈(≈≈≈...........
...≈≈≈≈≈.≈≈≈≈..[..####...
..≈≈.≈≈≈≈.......#....##$.
.≈≈≈.≈≈≈≈......#..#..≈##.
.≈≈≈≈≈≈≈≈..........≈#≈≈##
..≈≈≈≈≈≈≈.....#.#.≈≈≈#..#
....≈≈≈≈≈.....#≈≈≈≈≈#≈ .
.≈≈≈≈≈≈≈?≈.≈≈#≈≈#≈#≈.#


You could see an alligator snapping turtle and a merfolk javelineer.

Vanquished Creatures
  Bai Suzhen (Elf:3)
  A deep elf blademaster (Elf:3)
  Kirke (Lair:5)
  Roxanne (Shoals:1)
  Aizul (Shoals:1)
  2 deep elf sorcerers
  4 emperor scorpions (Spider:4)
  A frost giant (IceCv)
  A ghost moth (Spider:4)
  Louise (Shoals:1)
  7 deep elf elementalists (Elf:3)
  3 deep elf demonologists (Elf:3)
  2 stone giants
  11 deep elf annihilators
  3 spark wasps
  2 entropy weavers
  Azrael (D:13)
  2 minotaurs
  6 deep elf death magi
  2 merfolk javelineers (Shoals:2)
  The ghost of Timinator the Destroyer, a journeyman DsWz of Vehumet (Orc:1)
  3 merfolk impalers (Shoals:1)
  3 deep elf high priests (Elf:3)
  4 boulder beetles
  10 hydras
  5 centaur warriors
  A merfolk avatar (Lair:6)
  A catoblepas (D:15)
  3 merfolk aquamancers
  An alligator snapping turtle (Shoals:3)
  2 two-headed ogres
  32 dancing weapons
  4 satyrs
  7 death scarabs (Spider:4)
  3 orc high priests (Orc:2)
  4 tengu warriors (D:15)
  5 death yaks (Lair:4)
  Urug (D:13)
  22 deep elf knights
  Nergalle (Orc:1)
  A small abomination (Elf:2)
  13 sea snakes
  An unseen horror (D:14)
  A wizard (D:14)
  4 wolf spider zombies
  19 deep elf archers
  4 orc knights (Orc:2)
  14 orb spiders
  A lindwurm (Lair:6)
  3 oklob plants
  4 spectral wolf spiders (Spider:4)
  22 wolf spiders
  3 ugly things
  16 harpies
  9 manticores
  23 fauns
  69 deep elf magi
  11 elephants
  3 orc sorcerers (Orc:2)
  3 cyclopes
  3 moths of wrath
  6 merfolk sirens
  3 water nymphs
  3 black mambas
  3 torpor snails
  2 ice statues (IceCv)
  A kobold demonologist (D:10)
  8 cane toads
  A redback zombie (Spider:4)
  25 demonic crawlers
  10 rime drakes
  6 komodo dragons
  45 jumping spiders
  6 trolls
  3 meliai (Shoals:2)
  2 meliai (shapeshifter)
  10 hornets
  5 spectral tarantellas (Spider:4)
  13 polar bears
  10 blink frogs
  3 spectral jumping spiders (Spider:4)
  Grinder (D:6)
  8 wind drakes
  2 tarantella zombies (Spider:4)
  3 jumping spider zombies (Spider:4)
  17 merfolk
  9 snapping turtles
  3 dream sheep (Shoals:2)
  A meliai zombie (D:14)
  Sigmund (D:3)
  5 air elementals
  4 centaur simulacra
  75 redbacks
  2 wraiths
  A vampire (D:12)
  A hog (Lair:5)
  24 tarantellas
  10 wyverns
  70 yaks
  7 water elementals
  5 fire elementals
  A golden eye (shapeshifter) (Elf:2)
  5 basilisks
  The ghost of Gabide the Caller, an amateur HuSu (D:3)
  4 wargs
  15 water moccasins
  3 acid dragons
  3 hell hounds (D:13)
  A spectral hornet (Spider:4)
  20 orc warriors
  Purgy (Sewer)
  A black bear (D:11)
  A hornet zombie (D:8)
  2 necrophages
  5 sky beasts
  3 phantoms
  7 ogres
  3 ice beasts
  3 eyes of draining
  The ghost of Mattiprrivan the Shooter, an amateur HOHu of Qazlal (D:3)
  19 wolves
  16 centaurs
  12 big kobolds
  17 bullfrogs
  A gnoll sergeant (D:7)
  2 earth elementals (Elf:1)
  2 wyvern skeletons
  A hornet simulacrum (Gauntlet)
  6 scorpions
  13 killer bees
  18 wights
  3 electric eels
  4 howler monkeys
  A bullfrog zombie (D:11)
  5 centaur zombies
  3 bullfrog skeletons
  4 hounds
  3 jellies
  A quasit (D:9)
  22 orc priests
  7 centaur skeletons
  21 orc wizards
  Natasha (thrice) (D:2)
  4 iguanas
  9 worker ants
  2 big kobold zombies (Ossuary)
  A bullfrog simulacrum (Gauntlet)
  A hound zombie (D:10)
  9 mummies
  A worker ant zombie (D:11)
  5 gnolls
  19 adders
  A shadow imp (D:9)
  An adder skeleton (D:7)
  An adder zombie (D:6)
  2 worms
  5 dart slugs
  7 leopard geckos
  77 orcs
  12 bats
  4 giant cockroaches
  3 gnoll zombies (Ossuary)
  13 goblins
  9 hobgoblins
  11 jackals
  3 quokkas
  2 ball pythons
  5 frilled lizards
  A jackal zombie (D:6)
  18 kobolds
  A leopard gecko skeleton (D:7)
  3 orc zombies (Ossuary)
  5 rats
1306 creatures vanquished.

Vanquished Creatures (collateral kills)
  A deep elf master archer (Elf:3)
  2 deep elf blademasters
  3 deep elf annihilators (Elf:3)
  A dire elephant (D:15)
  A deep elf demonologist (Elf:3)
  A merfolk impaler (Shoals:4)
  A boulder beetle (D:14)
  A merfolk avatar (Shoals:4)
  A catoblepas (Lair:6)
  A death scarab (Spider:4)
  A sea snake (Lair:6)
  2 deep elf magi
  A wolf spider (Spider:3)
  A faun (Shoals:1)
  An orc sorcerer (Orc:2)
  A komodo dragon (Lair:1)
  A spectral redback (Spider:4)
  2 jumping spiders (Spider:3)
  3 polar bears (IceCv)
  A spectral jumping spider (Spider:4)
  A blink frog (Lair:1)
  2 snapping turtles
  2 redbacks
  3 tarantellas
  A water elemental (Shoals:2)
  15 yaks
  A hog (Lair:5)
  A water moccasin (Lair:1)
  An orc warrior (Orc:2)
  A wolf (IceCv)
  A bullfrog (D:14)
  An iguana (D:12)
  An orc wizard (Orc:2)
58 creatures vanquished.

Vanquished Creatures (others)
  2 deep elf magi (Elf:2)
  An orc wizard (Orc:2)
  A bush (Shoals:2)
  A fulminant prism (Shoals:3)
  41 fungi
  192 plants
  7 withered plants
245 creatures vanquished.

Grand Total: 1609 creatures vanquished

Notes
Turn   | Place    | Note
-------+----------+-------------------------------------------
     0 | D:1      | Paulthewizard the Spriggan Venom Mage began the quest for
                  | the Orb.
     0 | D:1      | Reached XP level 1. HP: 9/9 MP: 5/5
   302 | D:1      | Reached skill level 3 in Spellcasting
   349 | D:1      | Reached XP level 2. HP: 9/13 MP: 0/7
   812 | D:1      | Reached XP level 3. HP: 10/16 MP: 0/8
  1693 | D:2      | Found an opulent altar of Gozag.
  1695 | D:2      | Found a radiant altar of Vehumet.
  1789 | D:2      | Found a glowing golden altar of the Shining One.
  1822 | D:2      | Became a worshipper of Vehumet
  1918 | D:2      | Learned a level 2 spell: Poisonous Vapours
  1960 | D:2      | Reached XP level 4. HP: 21/21 MP: 1/10
  2163 | D:2      | Found a bloodstained altar of Trog.
  2274 | D:2      | Found a glowing silver altar of Zin.
  2977 | D:3      | Learned a level 3 spell: Mephitic Cloud
  2985 | D:3      | Reached * piety under Vehumet
  2985 | D:3      | Offered knowledge of Magic Dart by Vehumet.
  3169 | D:3      | Reached skill level 1 in Fighting
  3348 | D:3      | Reached XP level 5. HP: 20/25 MP: 7/11
  3415 | D:3      | Reached skill level 4 in Spellcasting
  3714 | D:3      | Noticed Natasha
  3846 | D:2      | Killed Natasha
  3860 | D:2      | Noticed Natasha
  4071 | D:2      | Killed Natasha
  4119 | D:2      | Noticed Natasha
  4135 | D:2      | Killed Natasha
  4483 | D:3      | Found a runed translucent gate.
  4483 | D:3      | Found a runed translucent gate.
  4484 | D:3      | Found a runed translucent gate.
  4484 | D:3      | Noticed Gabide's ghost (amateur HuSu)
  4484 | D:3      | Noticed Mattiprrivan's ghost (amateur HOHu)
  4832 | D:3      | Noticed Sigmund
  4839 | D:3      | Learned a level 3 spell: Ignite Poison
  4845 | D:3      | Killed Sigmund
  4846 | D:3      | Reached skill level 1 in Air Magic
  4846 | D:3      | Reached XP level 6. HP: 30/30 MP: 3/14
  5198 | D:4      | Reached skill level 5 in Spellcasting
  5538 | D:4      | Reached XP level 7. HP: 35/35 MP: 8/16
  6147 | D:4      | Reached skill level 6 in Spellcasting
  6147 | D:4      | Reached skill level 5 in Poison Magic
  6790 | D:4      | Reached ** piety under Vehumet
  6790 | D:4      | Offered knowledge of Sandblast by Vehumet.
  7054 | D:5      | Entered Level 5 of the Dungeon
  7147 | D:5      | Found a sand-covered staircase.
  7150 | D:5      | Learned a level 1 spell: Sandblast
  7268 | Ossuary  | Entered an ossuary
  7363 | Ossuary  | Reached XP level 8. HP: 30/39 MP: 8/18
  7906 | D:5      | Reached skill level 5 in Dodging
  8167 | D:6      | Reached skill level 7 in Spellcasting
  8378 | D:6      | Found a glowing drain.
  8421 | D:6      | Found a staircase to the Ecumenical Temple.
  8444 | Sewer    | Entered a sewer
  8446 | Sewer    | Offered knowledge of Conjure Flame by Vehumet.
  8504 | Sewer    | Noticed Purgy
  8515 | Sewer    | Killed Purgy
  8680 | D:6      | Noticed Grinder
  8708 | D:6      | Reached skill level 5 in Transmutations
  8715 | D:6      | Killed Grinder
  8797 | D:6      | Reached *** piety under Vehumet
  9188 | D:6      | Reached skill level 8 in Spellcasting
  9265 | Temple   | Entered the Ecumenical Temple
  9565 | D:6      | Reached XP level 9. HP: 44/44 MP: 13/22
  9680 | D:5      | HP: 2/44 [poisoned by a water moccasin]
 10918 | D:7      | Reached skill level 9 in Spellcasting
 11334 | D:7      | Offered knowledge of Airstrike by Vehumet.
 11342 | D:6      | Learned a level 4 spell: Airstrike
 11397 | D:6      | Reached skill level 1 in Earth Magic
 11820 | D:7      | Found a transporter.
 11907 | D:7      | Found a transporter.
 12637 | D:7      | Learned a level 4 spell: Olgreb's Toxic Radiance
 12979 | D:8      | Reached **** piety under Vehumet
 13083 | D:8      | Found an iron altar of Okawaru.
 13114 | D:8      | Found a stormy altar of Qazlal.
 13486 | D:8      | Reached XP level 10. HP: 43/49 MP: 14/24
 13666 | D:8      | Offered knowledge of Iskenderun's Battlesphere by Vehumet.
 14503 | D:8      | Reached skill level 1 in Fire Magic
 14504 | D:8      | Identified the amulet "Faysolix" {Spirit *Corrode Will+
                  | MP+9}
 14504 | D:8      | Noticed a deep elf mage
 14510 | D:8      | Killed a deep elf mage
 14511 | D:8      | Reached skill level 10 in Spellcasting
 14824 | D:8      | Noticed a five-headed hydra
 14844 | D:8      | Killed a five-headed hydra
 15176 | D:8      | Noticed a purple ugly thing
 15182 | D:8      | Killed a purple ugly thing
 15346 | D:8      | Noticed a deep elf archer
 15355 | D:8      | Killed a deep elf archer
 15356 | D:8      | Reached skill level 5 in Air Magic
 15710 | D:9      | Noticed an elephant
 15718 | D:9      | Reached ***** piety under Vehumet
 15718 | D:9      | Offered knowledge of Sticky Flame by Vehumet.
 15722 | D:9      | Killed an elephant
 15723 | D:9      | Reached skill level 11 in Spellcasting
 15969 | D:9      | Reached XP level 11. HP: 54/54 MP: 25/27
 16276 | D:9      | Found a staircase to the Lair.
 17477 | D:9      | Found a basalt altar of Yredelemnul.
 17505 | D:10     | Entered Level 10 of the Dungeon
 17653 | D:10     | Reached skill level 5 in Fighting
 18560 | D:10     | Reached skill level 12 in Spellcasting
 18950 | D:11     | Found a gate leading to a gauntlet.
 18959 | Gauntlet | Entered a Gauntlet
 18959 | Gauntlet | Found a runed translucent gate.
 18959 | Gauntlet | Found a transporter.
 18959 | Gauntlet | Found a runed translucent gate.
 18959 | Gauntlet | Found a runed translucent gate.
 18959 | Gauntlet | Found a transporter.
 18959 | Gauntlet | Noticed a catoblepas
 18959 | Gauntlet | Noticed an oklob plant
 18974 | Gauntlet | Found a transporter.
 18978 | Gauntlet | Found a transporter.
 18982 | Gauntlet | Found a runed translucent door.
 18982 | Gauntlet | Found a runed translucent door.
 18986 | Gauntlet | Found a transporter.
 18990 | Gauntlet | Found a transporter.
 18995 | Gauntlet | Noticed a wretched star
 18999 | Gauntlet | Found a transporter.
 19012 | Gauntlet | Noticed a four-headed hydra
 19014 | Gauntlet | Found a transporter.
 19028 | Gauntlet | Found a transporter.
 19032 | Gauntlet | Found a transporter.
 19040 | Gauntlet | Found a transporter.
 19044 | Gauntlet | Found a transporter.
 19045 | Gauntlet | Found a runed translucent door.
 19286 | Gauntlet | Learned a level 4 spell: Sticky Flame
 20094 | Gauntlet | Got a sparkling jade ring
 20106 | Gauntlet | Killed an oklob plant
 20107 | Gauntlet | Reached skill level 1 in Conjurations
 20181 | Gauntlet | Identified the ring of Makhleb's Approval {Will+ MP+9 Int+4
                  | Dex+3} (You found it in a Gauntlet)
 20393 | Gauntlet | Got a vibrating brass ring
 20400 | Gauntlet | Killed a four-headed hydra
 20454 | Gauntlet | Reached skill level 1 in Evocations
 20834 | Gauntlet | Identified the ring "Atymen" {+Fly Int+4} (You found it in
                  | a Gauntlet)
 20848 | Gauntlet | Identified the ring of Xom's Scorn {+Blink rPois Stlth+}
 20848 | Gauntlet | Noticed a minotaur
 20891 | Gauntlet | Killed a minotaur
 21381 | D:11     | Reached XP level 12. HP: 60/60 MP: 29/29
 21917 | D:11     | Offered knowledge of Iskenderun's Mystic Blast by Vehumet.
 21924 | D:11     | Learned a level 4 spell: Summon Lightning Spire
 22366 | D:11     | Found Anomiy's Armour Shop.
 22504 | D:11     | Noticed a centaur warrior
 22510 | D:11     | Killed a centaur warrior
 22519 | D:11     | Reached skill level 13 in Spellcasting
 23009 | D:11     | Noticed a five-headed hydra
 23031 | D:11     | Killed a five-headed hydra
 23197 | D:11     | Reached skill level 1 in Summonings
 23223 | D:11     | Identified the Reference Book on Combat Magic and Darkness
 23553 | D:12     | Noticed a six-headed hydra
 23559 | D:12     | Killed a six-headed hydra
 23729 | D:12     | Found a frozen archway.
 23757 | IceCv    | Entered an ice cave
 26315 | IceCv    | Noticed a frost giant
 26320 | IceCv    | Reached skill level 10 in Dodging
 26613 | IceCv    | Identified the +5 glaive of Spontaneous Combustion {drain,
                  | +Fly MP+9 Str+2 Int-2}
 26629 | IceCv    | Reached XP level 13. HP: 52/65 MP: 24/31
 26639 | IceCv    | Killed a frost giant
 27433 | D:12     | Reached skill level 14 in Spellcasting
 28575 | D:12     | Found a staircase to the Orcish Mines.
 30157 | D:13     | Offered knowledge of Starburst by Vehumet.
 30541 | D:13     | Noticed Azrael
 30548 | D:13     | Killed Azrael
 30733 | D:13     | Noticed Urug
 30743 | D:13     | Killed Urug
 31122 | D:14     | Reached skill level 5 in Evocations
 31126 | D:14     | Found a gate to the Vaults.
 31485 | D:14     | Found a sacrificial altar of Ru.
 32829 | D:14     | Reached skill level 15 in Spellcasting
 33065 | D:15     | Entered Level 15 of the Dungeon
 34125 | D:15     | Reached XP level 14. HP: 64/70 MP: 34/34
 34861 | D:15     | Found a staircase to the Depths.
 35215 | D:3      | Killed Gabide's ghost
 35217 | D:3      | Killed Mattiprrivan's ghost
 35440 | Lair:1   | Entered Level 1 of the Lair of Beasts
 35447 | Lair:1   | Reached skill level 10 in Transmutations
 36184 | Lair:1   | Offered knowledge of Freezing Cloud by Vehumet.
 39505 | Lair:3   | Reached skill level 5 in Stealth
 40309 | Lair:4   | Reached skill level 16 in Spellcasting
 40560 | Lair:4   | Found a hole to the Spider Nest.
 40576 | Lair:4   | Offered knowledge of Spellforged Servitor by Vehumet.
 40577 | Lair:4   | Reached skill level 10 in Air Magic
 40907 | Lair:4   | Reached skill level 10 in Poison Magic
 41531 | Lair:4   | Found a staircase to the Shoals.
 42554 | Lair:5   | Noticed Kirke
 42578 | Lair:5   | Killed Kirke
 42696 | Lair:5   | Reached XP level 15. HP: 75/75 MP: 32/36
 43560 | Lair:6   | Entered Level 6 of the Lair of Beasts
 43583 | Lair:6   | Found a viscous altar of Jiyva.
 43583 | Lair:6   | Found a staircase to the Slime Pits.
 45296 | Lair:6   | Reached skill level 17 in Spellcasting
 45702 | Lair:6   | Offered knowledge of Lee's Rapid Deconstruction by Vehumet.
 45937 | Spider:1 | Entered Level 1 of the Spider Nest
 46121 | Shoals:1 | Entered Level 1 of the Shoals
 46558 | Shoals:1 | Found an iron altar of Okawaru.
 47493 | Orc:1    | Entered Level 1 of the Orcish Mines
 47642 | Orc:1    | Learned a level 5 spell: Lee's Rapid Deconstruction
 47649 | Orc:1    | Found Wufolo's General Store.
 47669 | Orc:1    | Noticed Nergalle
 47701 | Orc:1    | Killed Nergalle
 48064 | Orc:1    | You fall into a shaft and drop 1 floor!
 48064 | Orc:2    | Entered Level 2 of the Orcish Mines
 48264 | Orc:2    | Found Ogyfa's Magic Scroll Emporium.
 48314 | Orc:2    | Found a shimmering altar of Xom.
 48746 | Orc:2    | Found a staircase to the Elven Halls.
 49047 | Orc:2    | Found Puasowy's Mass Market.
 50028 | Orc:2    | Found Ymiti's Distillery.
 50032 | Orc:2    | Found Qasch's Antique Weapon Shoppe.
 50040 | Orc:2    | Found Pufak's Assorted Antiques.
 50042 | Orc:2    | Found Joloash's Book Boutique.
 50058 | Orc:2    | Learned a level 6 spell: Iron Shot
 51032 | Orc:1    | Found a runed translucent door.
 51034 | Orc:1    | Noticed Timinator's ghost (journeyman DsWz)
 51196 | Orc:1    | Killed Timinator's ghost
 51899 | Orc:1    | Found a roughly hewn altar of Beogh.
 52270 | Elf:1    | Entered Level 1 of the Elven Halls
 52556 | Elf:1    | Offered knowledge of Ignition by Vehumet.
 52768 | Elf:1    | Identified the cursed +1 scimitar "Tulomied" {distort,
                  | rPois Dex-3 Stlth+}
 52769 | Elf:1    | Found a transporter.
 52775 | Elf:1    | Found a transporter.
 52780 | Elf:1    | Noticed a profane servitor
 52798 | Elf:1    | Noticed a deep elf sorcerer
 52805 | Elf:1    | Killed a deep elf sorcerer
 52965 | Elf:1    | Noticed an Executioner
 52979 | Elf:1    | Found a one-way gate to the infinite horrors of the Abyss.
 52979 | Elf:1    | Noticed Wertik's ghost (adept GrFi)
 53302 | Elf:1    | Reached skill level 18 in Spellcasting
 53316 | Elf:1    | Reached XP level 16. HP: 67/80 MP: 24/39
 54343 | Elf:1    | Identified Abune's Almanac of Dusty Shape Shifting
 55873 | Elf:2    | Found Vowul's Jewellery Shop.
 56800 | Elf:2    | Found a shimmering blue altar of Sif Muna.
 57056 | Elf:2    | Reached skill level 5 in Earth Magic
 57057 | Elf:2    | Found a runed translucent gate.
 57057 | Elf:2    | Found a runed translucent gate.
 57081 | Elf:2    | Found a runed translucent gate.
 57826 | Elf:2    | Reached skill level 19 in Spellcasting
 58479 | Elf:2    | Noticed a deep elf blademaster
 58506 | Elf:2    | Killed a deep elf blademaster
 58717 | Elf:2    | Reached XP level 17. HP: 86/86 MP: 41/41
 59377 | Elf:3    | Entered Level 3 of the Elven Halls
 59377 | Elf:3    | Noticed Bai Suzhen
 62038 | Elf:3    | Learned a level 6 spell: Invisibility
 62063 | Elf:3    | Reached skill level 1 in Hexes
 62079 | Elf:3    | Noticed a deep elf master archer
 62473 | Elf:3    | Killed a deep elf master archer
 62684 | Elf:3    | Reached skill level 20 in Spellcasting
 63057 | Elf:3    | Noticed a deep elf blademaster
 64171 | Elf:3    | Identified the +9 broad axe of Spite {drain, +Blink Will+++
                  | Dex-2 Stlth+}
 64267 | Elf:3    | Noticed a deep elf blademaster
 64552 | Elf:3    | Killed a deep elf blademaster
 64987 | Elf:3    | Gained mutation: You are partially covered in rugged brown
                  | scales. (AC +1, +3% HP) [potion of mutation]
 64987 | Elf:3    | Gained mutation: You are dopey. (Int -2) [potion of
                  | mutation]
 64987 | Elf:3    | Gained mutation: You are partially covered in large bone
                  | plates. (SH +4) [potion of mutation]
 64988 | Elf:3    | Lost mutation: You are partially covered in rugged brown
                  | scales. (AC +1, +3% HP) [potion of mutation]
 64988 | Elf:3    | Lost mutation: You are dopey. (Int -2) [potion of mutation]
 64988 | Elf:3    | Gained mutation: You are dopey. (Int -2) [potion of
                  | mutation]
 64988 | Elf:3    | Gained mutation: You are frail. (-10% HP) [potion of
                  | mutation]
 64988 | Elf:3    | Lost mutation: You are dopey. (Int -2) [potion of mutation]
 64988 | Elf:3    | Gained mutation: You have a pair of small horns on your
                  | head. [potion of mutation]
 64989 | Elf:3    | Lost mutation: You have a pair of small horns on your head.
                  | [potion of mutation]
 64989 | Elf:3    | Lost mutation: You are partially covered in large bone
                  | plates. (SH +4) [potion of mutation]
 64989 | Elf:3    | Gained mutation: You passively map a small area around you.
                  | [potion of mutation]
 64989 | Elf:3    | Gained mutation: Your spells are a little harder to cast,
                  | but a little more powerful. [potion of mutation]
 65014 | Elf:3    | Identified the ring of Gluttony {*Corrode rElec rC- Int+8
                  | Slay+4}
 65458 | Elf:3    | Killed a deep elf blademaster
 65459 | Elf:3    | Reached XP level 18. HP: 70/83 MP: 33/43
 65832 | Elf:3    | Identified the Tome of Creative Transformation
 65879 | Elf:3    | Identified the Disquisition on the Unholy Frostbite
 66191 | Elf:3    | Killed Bai Suzhen
 67656 | Spider:1 | Reached ****** piety under Vehumet
 67943 | Spider:1 | Offered knowledge of Lehudib's Crystal Spear by Vehumet.
 67943 | Spider:1 | Offered knowledge of Chain Lightning by Vehumet.
 67943 | Spider:1 | Offered knowledge of Absolute Zero by Vehumet.
 69515 | Spider:1 | Got a crude robe
 69526 | Spider:1 | Identified the +2 robe of Gadodit {rElec Dex+2} (You found
                  | it on level 1 of the Spider Nest)
 70259 | Spider:2 | Reached skill level 21 in Spellcasting
 70262 | Spider:2 | Reached skill level 5 in Conjurations
 70543 | Spider:2 | Got a translucent granite ring
 70907 | Spider:2 | Lost strength.
 70907 | Spider:2 | Identified the cursed ring of Optimism {rPois rF++ Str-4
                  | SInv Stlth-} (You found it on level 2 of the Spider Nest)
 71846 | Spider:3 | Lost mutation: You passively map a small area around you.
                  | [potion of mutation]
 71846 | Spider:3 | Lost mutation: Your spells are a little harder to cast, but
                  | a little more powerful. [potion of mutation]
 71846 | Spider:3 | Gained mutation: You are resistant to electric shocks.
                  | (rElec) [potion of mutation]
 71846 | Spider:3 | Gained mutation: Your mind is acute. (Int +2) [potion of
                  | mutation]
 71847 | Spider:3 | Lost mutation: Your mind is acute. (Int +2) [potion of
                  | mutation]
 71847 | Spider:3 | Lost mutation: You are frail. (-10% HP) [potion of
                  | mutation]
 71847 | Spider:3 | Lost mutation: You are resistant to electric shocks.
                  | (rElec) [potion of mutation]
 71847 | Spider:3 | Gained mutation: You are somewhat resistant to further
                  | mutation. [potion of mutation]
 71903 | Spider:3 | Found a runed translucent gate.
 71903 | Spider:3 | Found a runed translucent gate.
 71903 | Spider:3 | Found a runed translucent gate.
 71904 | Spider:3 | Noticed Cykl0x's ghost (adept MiFi)
 71904 | Spider:3 | Noticed Ziut's ghost (journeyman FeAE)
 71904 | Spider:3 | Noticed Bolleh's ghost (journeyman GnSk)
 71936 | Spider:3 | Noticed raetorn's ghost (adept VSCK)
 72204 | Spider:4 | Entered Level 4 of the Spider Nest
 72204 | Spider:4 | Identified a scroll of acquirement
 72530 | Spider:4 | Acquired 815 gold pieces
 72824 | Spider:4 | Reached skill level 10 in Fighting
 73878 | Spider:4 | Reached skill level 15 in Dodging
 73881 | Spider:4 | Reached XP level 19. HP: 89/98 MP: 6/45
 76066 | Spider:4 | Got a gossamer rune of Zot
 76383 | Spider:1 | Learned a level 4 spell: Fulminant Prism
 76976 | Shoals:1 | Reached skill level 22 in Spellcasting
 77139 | Shoals:1 | Noticed Aizul
 77146 | Shoals:1 | Killed Aizul
 77516 | Shoals:1 | Noticed Roxanne
 77520 | Shoals:1 | Killed Roxanne
 77608 | Shoals:1 | Noticed Louise
 77616 | Shoals:1 | Killed Louise
 78608 | Shoals:2 | Found a hide-covered altar of Uskayaw.
 78638 | Shoals:2 | Identified the +1 longbow "Qezxunge" {venom, rElec rC+
                  | Int+5}
 80851 | Shoals:3 | Identified the +7 hunting sling "Agoobbum" {flame, Will+}
 82513 | Shoals:4 | Entered Level 4 of the Shoals
 82691 | Shoals:4 | Noticed Ilsuiw
 82902 | Shoals:4 | Hit by a silver javelin thrown by a merfolk javelineer

Illustrated notes

Levels and vault maps discovered:
D:1:      amcnicky_arrival_flooded_fountain, layout_loops_ring
D:2:      layout_rooms, lemuel_crystal_altar, zin_statuary,
          grunt_temple_overflow_open, nicolae_tso_carved_into_rock
D:3:      layout_loops_ring, gammafunk_ghost_cemetery, uniq_natasha,
          uniq_sigmund
D:4:      layout_basic
D:5:      layout_rooms, gup_ossuary_entry_pyramid
D:6:      layout_basic, temple_pool_b, portal_sewer_entry_d,
          amcnicky_mini_rare_corridor_liquid, uniq_grinder
D:7:      gammafunk_steamed_eel, layout_rooms
D:8:      layout_loops_ring, minitemple, minmay_evil_grid
D:9:      corexii_shack_village, layout_long_grid, overflow_temple_1_default,
          david_lair_generic
D:10:     layout_rooms, special_room [special_room_kobold]
D:11:     minmay_the_grid_four_pointed_star_mashed
          [minmay_the_grid_triangle_9x9_empty,
          minmay_the_grid_triangle_9x9_dagger,
          minmay_the_grid_triangle_9x9_corrupted_corridor,
          minmay_the_grid_triangle_9x9_cache,
          minmay_the_grid_prize_four_corners_diamond_a], layout_loops_ring,
          serial_shops, shop, gauntlet_entry_generic
D:12:     layout_cave_pools, david_orc_1_choice, portal_ice_cave_rime,
          st_stairs_11
D:13:     layout_roguey, uniq_urug, uniq_azrael
D:14:     kennysheep_spiral_hall, layout_loops_cross, david_vaults_1,
          minmay_door_square, basic_altar
D:15:     hangedman_depths_entry_try_elsewhere_first, layout_gridville
Temple:   regret_index_temple_generic_petals
Lair:1:   layout_chaotic_city
Lair:2:   layout_cave_pods
Lair:3:   layout_regular_city, grunt_megastairs_1, minmay_lair_oklob_chamber
Lair:4:   layout_roguey, minmay_shoals_entry_hut, dummy_spider_entry,
          infiniplex_staircase_pool_2
Lair:5:   layout_gridlike, grunt_megastairs_3, infiniplex_staircase_pool,
          uniq_kirke
Lair:6:   gammafunk_lair_ancient_temple, layout_loops_ring,
          dpeg_slime_entry_enclosed_altar, nicolae_volcano_entry_vermiform,
          chequers_serial_rivers_large_b
Shoals:1: layout_shoals, lemuel_oklob_altar, uniq_aizul, uniq_roxanne,
          uniq_louise
Shoals:2: layout_shoals, regret_index_shoals_crete
Shoals:3: layout_shoals
Shoals:4: shoals_end_simple, layout_shoals, shoals_ilsuiw_alternative,
          serial_shops, shop, yaktaur_hedge
Spider:1: layout_spider_delve, worms_lemuel
Spider:2: layout_spider_delve
Spider:3: layout_spider_delve, gammafunk_ghost_cemetery
Spider:4: floodkiller_spider_rune_tomb, spiders_nest_hornet_nest
Orc:1:    layout_caves, basic_altar, serial_shops, nicolae_shop_trees,
          ebering_ghost_reflecting_pool, uniq_nergalle
Orc:2:    st_orc_elflike, layout_diamond_mine, basic_altar, serial_shops, shop,
          minmay_shop_mass
Elf:1:    layout_gridlike, gammafunk_ghost_abyssal_escape,
          hangedman_elven_crosses_minicolossus
Elf:2:    layout_gridlike, serial_shops, shop, lemuel_blue_sif_altar
Elf:3:    minmay_elf_hall_spiked, layout_geoelf_octagon, moated_statue,
          uniq_bai_suzhen

Skill      XL: |  1  2  3  4  5  6  7  8  9 10 11 12 13 14 15 16 17 18 19 |
---------------+----------------------------------------------------------+-----
Spellcasting   | 3 4 5 6 8 9 11 12 13 15 16 18 19 20 21 22 | 22.8
Transmutations | 2 3 4 5 6 7 8 9 10 11 12 | 12.9
Fighting       | 1 2 3 4 5 6 7 8 9 10 | 10.5
Poison Magic   | 4 5 6 7 8 9 10 | 10.9
Stealth        | 4 5 |  5.3
Air Magic      | 1 2 3 5 6 8 9 10 11 12 13 | 13.6
Dodging        | 4 5 7 8 9 10 11 12 13 14 15 | 15.9
Earth Magic    | 1 2 3 4 5 6 7 8 |  8.6
Fire Magic     | 2 3 |  3.3
Conjurations   | 1 3 4 5 6 |  6.1
Evocations     | 1 4 5 7 |  7.3
Summonings     | 1 3 4 |  4.5
Hexes          | 3 4 |  4.7

Action                   |  1- 3 |  4- 6 |  7- 9 | 10-12 | 13-15 | 16-18 | 19-21 || total
-------------------------+-------+-------+-------+-------+-------+-------+-------++-------
Melee: Unarmed           |     1 |     1 |       |       |       |       |       ||     2
       Dagger            |       |     7 |   146 |     8 |       |       |       ||   161
       Staff             |       |       |       |    82 |    56 |    42 |     6 ||   186
 Cast: Sting             |    92 |   129 |   250 |   182 |   277 |    10 |       ||   940
       Poisonous Vapours |       |    17 |    53 |   119 |   214 |    76 |     2 ||   481
       Mephitic Cloud    |       |       |    28 |    38 |    54 |    39 |     6 ||   165
       Ignite Poison     |       |       |    20 |    25 |    23 |    20 |       ||    88
       Airstrike         |       |       |    17 |   245 |   607 |   447 |   314 ||  1630
       Olgreb's Toxic Ra |       |       |       |     3 |    12 |    18 |     2 ||    35
       Sticky Flame      |       |       |       |    20 |     8 |     4 |     8 ||    40
       Summon Lightning  |       |       |       |    14 |    29 |    11 |     6 ||    60
       Lee's Rapid Decon |       |       |       |       |       |     3 |     5 ||     8
       Iron Shot         |       |       |       |       |       |   278 |   129 ||   407
       Fulminant Prism   |       |       |       |       |       |       |     1 ||     1
 Abil: Evoke Blink       |       |       |       |     5 |    12 |     5 |     5 ||    27
       Evoke Flight      |       |       |       |       |     1 |       |       ||     1
Evoke: Wand              |       |       |       |     5 |    20 |       |       ||    25
       Tin of tremorston |       |       |       |     2 |     2 |       |       ||     4
       Condenser vane    |       |       |       |     1 |       |       |     1 ||     2
       Phantom mirror    |       |       |       |       |       |     2 |       ||     2
       Box of beasts     |       |       |       |       |       |     1 |     1 ||     2
  Use: Scroll            |       |       |     8 |     9 |     7 |    16 |     3 ||    43
       Potion            |       |       |       |    11 |     3 |    19 |     5 ||    38
 Stab: Sleeping          |       |       |     1 |       |       |       |       ||     1
       Confused          |       |       |       |       |       |     1 |       ||     1
Armor: Robe              |     7 |     4 |    22 |       |     6 |    19 |     9 ||    67
       Troll leather arm |       |       |     3 |    40 |    22 |       |       ||    65
       Skin              |       |       |       |       |       |     1 |       ||     1
Dodge: Dodged            |    54 |    55 |   251 |   208 |   427 |   384 |   298 ||  1677
